 Dungeon Crawl Stone Soup version 0.25.0-11-g1f837a7 (webtiles) character file.

Game seed: 10077188885307247945

8171 Helmschank the Carver (level 11, -2/92 HPs)
             Began as a Ghoul Monk on June 27, 2020.
             Was an Elder of Makhleb.
             Slain by a seven-headed hydra (6 damage)
             ... on level 10 of the Dungeon.
             The game lasted 01:01:50 (13673 turns).

Helmschank the Carver (Ghoul Monk)                 Turns: 13673, Time: 01:01:51

Health: -2/92      AC: 17    Str: 19    XL:     11   Next: 26%
Magic:  14/14      EV:  6    Int:  5    God:    Makhleb [****..]
Gold:   192        SH:  9    Dex: 11    Spells: 10/10 levels left

rFire    + . .     SeeInvis .   b - +0 short sword (elec)
rCold    + . .     Gourm    .   L - +0 kite shield
rNeg     + + +     Faith    .   S - +2 chain mail {rF+}
rPois    ∞         Spirit   .   I - +0 helmet
rElec    .         Reflect  .   Y - +2 cloak of True Grit {+Inv +Fly}
rCorr    .         Harm     .   (no gloves)
MR       .....                  g - +0 pair of boots
Stlth    ..........             (no amulet)
HPRegen  0.00/turn              (no ring)
MPRegen  0.14/turn              (no ring)

@: rotting
A: rotting body, claws 1, carnivore, cold resistance 1, negative energy
resistance 3, inhibited regeneration, torment resistance, unbreathing
a: Minor Destruction, Lesser Servant of Makhleb, Major Destruction, Renounce
Religion, Evoke Invisibility, Evoke Flight


You were on level 10 of the Dungeon.
You worshipped Makhleb.
Makhleb was greatly pleased with you.
You were not hungry.

You visited 2 branches of the dungeon, and saw 11 of its levels.
You also visited: Ossuary.

You collected 692 gold pieces.
You spent 500 gold pieces at shops.

Inventory:

Hand Weapons
 a - a +1 short sword of venom
 b - a +0 short sword of electrocution (weapon)
 w - a +1 short sword of flaming
 F - a +0 dagger of protection
 V - a +0 long sword
Missiles
 v - 36 bolts
 N - 11 boomerangs (quivered)
 O - 141 stones
 P - 47 poisoned darts
 Z - a throwing net
Armour
 g - a +0 pair of boots (worn)
 I - a +0 helmet (worn)
 L - a +0 kite shield (worn)
 S - a +2 chain mail of fire resistance (worn)
 Y - the +2 cloak of True Grit (worn) {+Inv +Fly}
   (You found it on level 10 of the Dungeon)

   It lets you turn invisible.
   It lets you fly.
Jewellery
 h - a cursed ring of teleportation {unknown}
 j - a +6 ring of strength {unknown}
 l - an uncursed ring of stealth {unknown}
 m - an uncursed ring of positive energy {unknown}
 B - a cursed ring of ice
Wands
 o - a wand of clouds (1)
 y - a wand of random effects (15)
 K - a wand of flame (25)
 W - a wand of iceblast (7)
Scrolls
 d - 2 scrolls of noise {unknown}
 e - 7 scrolls of remove curse {unknown}
 f - a scroll of identify
 i - 9 scrolls of teleportation
 t - 3 scrolls of immolation
 u - 2 scrolls of enchant armour {unknown}
 x - 3 scrolls of blinking
 z - 3 scrolls of random uselessness {unknown}
 G - a scroll of magic mapping {unknown}
 H - 3 scrolls of amnesia {unknown}
 J - 3 scrolls of enchant weapon {unknown}
 Q - 2 scrolls of fog {unknown}
 T - 2 scrolls of holy word {unknown}
Potions
 k - 7 potions of curing
 n - a potion of ambrosia
 p - a potion of might {unknown}
 q - 2 potions of heal wounds
 r - a potion of magic {unknown}
 A - 3 potions of haste
 C - 5 potions of flight
 D - a potion of lignification {unknown}
 E - a potion of stabbing {unknown}
 M - 3 potions of brilliance
 R - a potion of mutation {unknown}
 U - a potion of resistance {unknown}
Comestibles
 c - 28 rations
 X - 2 chunks of flesh


   Skills:
 - Level 7.0 Fighting
 - Level 3.9(7.9) Short Blades
 - Level 10.7(11.0) Long Blades
 - Level 4.0 Throwing
 - Level 5.0 Armour
 - Level 3.0 Dodging
 - Level 2.1 Stealth
 + Level 4.2 Shields
 - Level 6.0 Invocations
 - Level 2.0 Evocations


You had 10 spell levels left.
You didn't know any spells.
Your spell library was empty.

Dungeon Overview and Level Annotations

Branches:
Dungeon (10/15)            Temple (1/1) D:6         Ossuary (visited)
   Lair: D:8-11         Orc: D:9-12

Altars:
Ashenzari
Cheibriados
Dithmenos
Elyvilon
Fedhas
Gozag
Hepliaklqana
Kikubaaqudgha
Makhleb
Nemelex Xobeh
Okawaru
Qazlal
Ru
Sif Muna
Trog
Uskayaw
Vehumet
Wu Jian
Xom
Yredelemnul
Zin
The Shining One

Shops:
D:4 }   D:8 [

Annotations:
D:4 3 runed translucent doors, drazt1k's ghost, novice OgWz
D:9 2 transporters, Gadfly's ghost, novice DEFE


Innate Abilities, Weirdness & Mutations

Your body is rotting away.
You thrive on raw meat.
You are immune to poison.
You have sharp fingernails.
You are carnivorous and can eat meat at any time.
Your flesh is cold resistant. (rC+)
You are immune to negative energy. (rN+++)
You do not regenerate when monsters are visible.
You are immune to unholy pain and torment.
You can survive without breathing.


Message History

The seven-headed hydra bites you!
* * * LOW HITPOINT WARNING * * *
You block the seven-headed hydra's attack.
The seven-headed hydra bites you but does no damage.
You block the seven-headed hydra's attack.
The seven-headed hydra bites you but does no damage.
The seven-headed hydra bites you!
* * * LOW HITPOINT WARNING * * *
The seven-headed hydra barely misses you.
You take 18 damage, and have 10/92 hp.
Evoke which item? (* to show all) (? for menu, Esc to quit)
Okay, then.
Press: ? - help, Shift-Dir - straight line, f/p - seven-headed hydra
Aim: a seven-headed hydra (almost dead)
You hear a mighty clap of thunder!
The bolt of lightning hits the seven-headed hydra.
The seven-headed hydra is almost dead.
You block the seven-headed hydra's attack.
The seven-headed hydra bites you.
You die...

######..#####...[........#
#.........#####...).#
#..####..<....#.....#
#...###...###.#.....###
#.....#.......#........
###.#.#..######.........#
#.#.#.................#
#.#.##.#######........#
#######.#....@D....'........#
#........###.#######........#
#........# #.#### .......
#........# #((()##############
####........# #.##...............
......#####.###.##.......#######.
.####.# #..##.##.......# #. .#
#.# ##.##.##.......# #. .# #.#
#..#.##.......#######.


You could see a seven-headed hydra.

Vanquished Creatures
  2 two-headed ogres (D:9)
  2 queen bees
  A hornet (D:9)
  A hippogriff (D:9)
  Grum (D:8)
  Eustachio (D:4)
  A steam dragon (D:10)
  A black bear (D:10)
  2 ice beasts (D:9)
  3 sky beasts
  2 orc warriors
  3 phantoms
  An ogre (D:6)
  2 wolves (D:8)
  4 centaurs
  3 big kobolds
  A wyvern zombie (D:10)
  3 bullfrogs
  A gnoll sergeant (D:7)
  2 scorpions
  A water moccasin skeleton (D:8)
  40 killer bees
  2 jellies (D:8)
  6 crimson imps
  4 centaur zombies (Ossuary)
  2 orc priests
  8 hounds
  Crazy Yiuf (D:3)
  3 centaur skeletons
  3 bullfrog skeletons
  3 orc wizards
  5 worker ants
  4 iguanas
  Natasha (thrice) (D:3)
  2 big kobold zombies (Ossuary)
  A hound skeleton (D:7)
  A worker ant zombie (D:10)
  5 mummies (Ossuary)
  10 gnolls
  A howler monkey skeleton (D:7)
  11 adders
  2 shadow imps
  2 oozes
  2 adder skeletons
  An adder zombie (D:9)
  7 worms
  2 dart slugs
  7 leopard geckos
  25 orcs
  4 bats
  A bat zombie (D:5)
  7 giant cockroaches
  9 goblins
  8 hobgoblins
  6 jackals
  7 quokkas
  2 ball pythons
  6 frilled lizards
  A hobgoblin zombie (Ossuary)
  A jackal skeleton (D:6)
  A jackal zombie (D:8)
  25 kobolds
  A leopard gecko skeleton (D:4)
  A leopard gecko zombie (D:5)
  10 rats
  A rat zombie (D:5)
  A butterfly (D:2)
293 creatures vanquished.

Vanquished Creatures (collateral kills)
  3 killer bees (D:8)
3 creatures vanquished.

Vanquished Creatures (others)
  An adder (D:10)
1 creature vanquished.

Grand Total: 297 creatures vanquished

Notes
Turn   | Place    | Note
-------+----------+-------------------------------------------
     0 | D:1      | Helmschank the Ghoul Monk began the quest for the Orb.
     0 | D:1      | Reached XP level 1. HP: 19/19 MP: 0/0
   335 | D:1      | Reached XP level 2. HP: 26/26 MP: 1/1
   939 | D:1      | Reached skill level 1 in Armour
   939 | D:1      | Reached XP level 3. HP: 32/33 MP: 2/2
  1672 | D:2      | Reached skill level 1 in Throwing
  1775 | D:2      | Reached XP level 4. HP: 37/40 MP: 3/3
  2217 | D:2      | Found a stormy altar of Qazlal.
  2272 | D:2      | Found a shadowy altar of Dithmenos.
  2510 | D:2      | Found a shattered altar of Ashenzari.
  2510 | D:2      | Found an iron altar of Okawaru.
  2581 | D:2      | Reached skill level 1 in Long Blades
  2596 | D:2      | Found a shimmering altar of Xom.
  3142 | D:3      | Reached XP level 5. HP: 46/46 MP: 4/4
  3164 | D:3      | Reached skill level 1 in Shields
  3177 | D:3      | Reached skill level 2 in Long Blades
  3619 | D:3      | Found a runed translucent door.
  3620 | D:3      | Noticed Crazy Yiuf
  3629 | D:3      | Killed Crazy Yiuf
  3721 | D:3      | Noticed Natasha
  3736 | D:3      | Killed Natasha
  3736 | D:3      | Reached skill level 3 in Long Blades
  3736 | D:3      | Reached XP level 6. HP: 22/52 MP: 5/5
  3983 | D:3      | Noticed Natasha
  3990 | D:3      | Killed Natasha
  3990 | D:3      | Noticed Natasha
  4007 | D:3      | Killed Natasha
  4710 | D:4      | Reached skill level 4 in Long Blades
  4721 | D:4      | Found a bloodstained altar of Trog.
  4790 | D:4      | Found Othroclenn's Gadget Shoppe.
  4793 | D:4      | Bought a wand of iceblast (6) for 110 gold pieces
  4939 | D:4      | Noticed Eustachio
  4951 | D:4      | Killed Eustachio
  4951 | D:4      | Reached XP level 7. HP: 37/56 MP: 6/6
  5173 | D:4      | Found a blossoming altar of Fedhas.
  5351 | D:4      | Found a runed translucent gate.
  5352 | D:4      | Found a runed translucent gate.
  5353 | D:4      | Found a runed translucent gate.
  5353 | D:4      | Noticed drazt1k's ghost (novice OgWz)
  5759 | D:5      | Entered Level 5 of the Dungeon
  5779 | D:4      | Reached skill level 1 in Evocations
  6435 | D:5      | Reached skill level 5 in Long Blades
  6722 | D:5      | Reached XP level 8. HP: 49/65 MP: 7/7
  6786 | D:5      | Found a burning altar of Makhleb.
  6792 | D:5      | Became a worshipper of Makhleb the Destroyer
  6792 | D:5      | Reached * piety under Makhleb
  6792 | D:5      | Reached ** piety under Makhleb
  6832 | D:5      | You fall into a shaft and drop 3 floors!
  6851 | D:8      | Reached skill level 6 in Long Blades
  6872 | D:8      | Reached skill level 5 in Fighting
  6881 | D:8      | Noticed a queen bee
  6893 | D:8      | Killed a queen bee
  6893 | D:8      | Reached skill level 1 in Invocations
  7003 | D:8      | Reached XP level 9. HP: 73/73 MP: 9/9
  7075 | D:8      | Noticed Grum
  7101 | D:8      | Killed Grum
  7180 | D:8      | Found Duusaph's Armour Boutique.
  7185 | D:8      | Bought a +2 chain mail of fire resistance for 236 gold
                  | pieces
  7227 | D:8      | Reached skill level 7 in Long Blades
  7344 | D:8      | Found a sand-covered staircase.
  7349 | Ossuary  | Entered an ossuary
  7412 | Ossuary  | Reached *** piety under Makhleb
  7721 | D:8      | Reached skill level 8 in Long Blades
  8184 | D:7      | Found a burning altar of Makhleb.
  8509 | D:7      | Reached XP level 10. HP: 83/83 MP: 12/12
  9425 | D:6      | Found a staircase to the Ecumenical Temple.
  9436 | Temple   | Entered the Ecumenical Temple
  9901 | D:5      | Found an ancient bone altar of Kikubaaqudgha.
 10066 | D:6      | Found a basalt altar of Yredelemnul.
 10919 | D:9      | Reached skill level 5 in Invocations
 10989 | D:9      | Noticed a two-headed ogre
 11002 | D:9      | Killed a two-headed ogre
 11186 | D:9      | Reached **** piety under Makhleb
 11186 | D:9      | Reached skill level 9 in Long Blades
 11295 | D:9      | Reached skill level 10 in Long Blades
 11488 | D:9      | Found a transporter.
 11488 | D:9      | Noticed Gadfly's ghost (novice DEFE)
 11488 | D:9      | Noticed a two-headed ogre
 11488 | D:9      | Identified the +11 dire flail of Qupsiuca {drain, rN+
                  | Int+4}
 11488 | D:9      | Noticed a two-headed ogre
 11490 | D:9      | Noticed a two-headed ogre
 11493 | D:9      | Found a transporter.
 11535 | D:9      | Noticed a two-headed ogre
 11574 | D:9      | Killed a two-headed ogre
 11574 | D:9      | Reached XP level 11. HP: 20/88 MP: 14/14
 12412 | D:10     | Entered Level 10 of the Dungeon
 12619 | D:10     | Noticed a seven-headed hydra
 13120 | D:4      | Bought a wand of iceblast (10) for 154 gold pieces
 13476 | D:10     | Reached skill level 5 in Armour
 13593 | D:10     | Got a bloodstained cloak
 13604 | D:10     | Identified the +2 cloak of True Grit {+Inv +Fly} (You found
                  | it on level 10 of the Dungeon)
 13673 | D:10     | Slain by a seven-headed hydra

Illustrated notes

Levels and vault maps discovered:
D:1:      matt_arrival_los_fun, layout_loops_corners
D:2:      layout_loops_cross, amethyst_overflow_temple_binary,
          lemuel_doored_altar, xom_butterflies, grunt_qazlal_sundering,
          serial_glass, glass_columns_a, glass_columns_b, glass_columns_a,
          glass_columns_a, glass_columns_b, glass_columns_b,
          minmay_misc_feat_tower, minmay_fractal_squares_5
D:3:      layout_basic, first_ration, minmay_pentangle, uniq_crazy_yiuf_cottage,
          uniq_natasha
D:4:      minmay_wonky_spiral, layout_loops_cross, overflow_temple_1_default,
          gammafunk_ghost_nasty_kobolds, serial_shops,
          nicolae_shop_behind_doors, lemuel_tele_altar, uniq_eustachio
D:5:      layout_loops_ring, lemuel_zombie_altar_kikubaaqudgha, basic_altar
D:6:      layout_cave_pools, minmay_temple_entry_wispy, basic_altar
D:7:      layout_layer_cave, overflow_temple_1_default
D:8:      layout_gridville, serial_shops, shop_statue, enter_ossuary_2,
          david_nohive_1, uniq_grum
D:9:      layout_roguey [special_room_bee], gammafunk_ghost_smash, minivault_26
D:10:     layout_basic
Temple:   minmay_temple_curvy_branch

Skill      XL: |  1  2  3  4  5  6  7  8  9 10 11 |
---------------+----------------------------------+-----
Short Blades   | 3 |  3.9
Fighting       | 4 5 6 7 |  7.0
Armour         | 1 2 3 4 5 |  5.0
Dodging        | 3 |  3.0
Throwing       | 1 2 3 4 |  4.0
Long Blades    | 1 3 4 5 6 8 10 | 10.7
Shields        | 1 2 3 4 |  4.2
Evocations     | 1 2 |  2.0
Invocations    | 2 4 6 |  6.0
Stealth        | |  2.1

Action                   |  1- 3 |  4- 6 |  7- 9 | 10-12 || total
-------------------------+-------+-------+-------+-------++-------
Melee: Short sword       |   172 |    51 |    95 |   527 ||   845
       Long sword        |       |   222 |   356 |       ||   578
Throw: Stone             |    27 |    84 |    76 |       ||   187
       Dart              |       |       |     7 |    15 ||    22
       Boomerang         |       |       |     4 |    90 ||    94
Invok: Major Destruction |       |       |       |     1 ||     1
Evoke: Wand              |       |     3 |    31 |     7 ||    41
  Use: Scroll            |       |       |     8 |       ||     8
       Potion            |       |       |       |     2 ||     2
 Stab: Paralysed         |       |     7 |       |       ||     7
       Confused          |       |       |     3 |       ||     3
  Eat: Chunk             |    10 |    14 |    42 |    22 ||    88
Armor: Robe              |     1 |       |       |       ||     1
       Ring mail         |    44 |    70 |     5 |       ||   119
       Scale mail        |       |       |    59 |       ||    59
       Chain mail        |       |       |   169 |   268 ||   437
Dodge: Dodged            |    80 |   114 |   183 |   107 ||   484
Block: Buckler           |       |    26 |    79 |     6 ||   111
       Kite shield       |       |       |       |   192 ||   192
       Rpst.: Long sword |       |    33 |    33 |       ||    66
